Map: Blackburn LE

Players

Has

  • Race: Protoss Protoss

GogojOey - Winner!

  • Race: Zerg Zerg

VOD

Have the link to the VOD?

Description

Time

  • Played on: Oct. 1, 2021, 7:55 a.m.
  • Length: 6:18
Show
View Real Time Build Order
Export as new Build Order

Has Protoss 

Build Orders: 1 Gate Expand 

Get SALT Encoding   

  12  0:00  Probe  
  13  0:12  Probe  
  14  0:19  Pylon  
  14  0:24  Probe (Chrono Boost)  
  14  0:28  Assimilator  
  15  0:39  Probe (Chrono Boost)  
  15  0:42  Gateway  
  16  0:45  Probe (Chrono Boost)  
  17  0:55  Probe  
  18  1:07  Probe  
  19  1:24  Nexus  
  20  1:30  Cybernetics Core  
  19  1:33  Probe  
  20  1:42  Assimilator  
  20  1:45  Probe  
  21  1:48  Pylon  
  21  1:57  Probe  
  22  2:08  Sentry (Chrono Boost)  
  22  2:10  Probe  
  22  2:13  Forge  
  22  2:14  Warp Gate (Chrono Boost)  
  25  2:22  Probe  
  26  2:25  Stalker  
  28  2:34  Probe (Chrono Boost)  
  28  2:36  Probe (Chrono Boost)  
  32  2:44  Probe (Chrono Boost)  
  32  2:45  Probe (Chrono Boost), Protoss Ground Weapons Level 1  
  32  2:49  Probe (Chrono Boost)  
  32  2:50  Probe (Chrono Boost)  
  34  3:01  Twilight Council  
  34  3:02  Probe  
  34  3:04  Probe  
  36  3:14  Probe  
  36  3:15  Gateway  
  36  3:19  Zealot  
  39  3:21  Probe  
  40  3:27  Probe  
  40  3:29  Pylon  
  39  3:41  Gateway  
  39  3:43  Gateway  
  38  3:48  Shield Battery  
  38  3:52  Pylon  
  38  3:55  Shield Battery  
  38  3:57  Shield Battery  
  38  4:00  Sentry  
  40  4:03  Pylon  
  40  4:05  Probe x2  
  40  4:07  Sentry  
  44  4:13  Gateway  
  44  4:17  Probe  
  44  4:23  Probe  
  46  4:29  Gateway  
  46  4:30  Stalker x2  
  51  4:38  Pylon  
  51  4:41  Zealot, Pylon  
  52  4:48  Sentry  
  52  4:50  Gateway  
  54  4:53  Gateway  
  54  5:05  Stalker  
  54  5:11  Zealot x2  
  46  5:16  Probe  
  43  5:23  Probe  
  39  5:28  Probe  
  39  5:29  Zealot  
  39  5:33  Zealot x2  
  39  5:35  Probe  
  40  5:37  Stalker  
  32  5:51  Zealot  
Show
View Real Time Build Order
Export as new Build Order

GogojOey Zerg - Winner!

Build Orders: Hatch First 

Get SALT Encoding   

  12  0:00  Drone  
  13  0:12  Overlord  
  13  0:17  Drone  
  14  0:30  Drone x2  
  16  0:43  Drone  
  16  0:46  Drone  
  18  0:55  Hatchery  
  17  0:58  Drone  
  17  1:00  Extractor  
  17  1:13  Spawning Pool  
  17  1:16  Drone  
  17  1:19  Drone  
  18  1:29  Drone  
  19  1:38  Drone  
  20  1:49  Drone  
  22  2:01  Zergling x2  
  22  2:02  Metabolic Boost  
  22  2:06  Queen  
  22  2:07  Queen  
  22  2:08  Zergling x2  
  27  2:11  Overlord  
  27  2:18  Drone  
  28  2:29  Drone  
  30  2:30  Drone  
  30  2:33  Roach Warren  
  29  2:45  Hatchery  
  29  2:50  Overlord  
  28  3:06  Overlord  
  28  3:14  Roach x4  
  28  3:16  Zergling x2  
  28  3:19  Zergling x2  
  38  3:26  Zergling x6  
  41  3:28  Zergling x2  
  41  3:32  Zergling x2  
  41  3:37  Zergling x4  
  43  3:42  Zergling x4  
  45  3:48  Zergling x4  
  45  3:53  Ravager  
  48  3:57  Zergling x6  
  50  4:03  Ravager  
  50  4:04  Zergling x2  
  50  4:05  Zergling x2  
  53  4:12  Zergling x4  
  53  4:21  Zergling x8  
  56  4:25  Ravager  
  56  4:28  Zergling x2  
  58  4:33  Overlord  
  58  4:45  Zergling x2  
  58  4:50  Ravager  
  56  5:00  Zergling x18  
  56  5:04  Zergling x4  
  62  5:13  Zergling x6  
  62  5:17  Zergling x4  
  58  5:23  Zergling x4  
  53  5:35  Zergling x8  
  51  5:51  Zergling x12  
  51  5:56  Zergling x4  
Tags
 
Add a new tag
Caveats
  • Supply blocks, unpowered buildings, or Contaminate may cause inaccurate times.
  • Supply counts are checked every 10 seconds.